 Dungeon Crawl Stone Soup version 0.31-a0-7-g51783674b7 (webtiles) character file.

Game seed: 147671796723937558

2 cheesebisquit the Grave Robber (level 1, 0/14 HPs)
             Began as a Hill Orc Necromancer on May 5, 2023.
             Slain by a ball python (1 damage)
             ... on level 1 of the Dungeon.
             The game lasted 00:00:29 (44 turns).

cheesebisquit the Grave Robber (Hill Orc Necromancer) Turns: 44, Time: 00:00:30

Health: 0/14       AC:  2    Str: 10    XL:     1   Next: 40%
Magic:  1/3        EV: 12    Int: 15    God:
Gold:   0          SH:  0    Dex: 11    Spells: 2/3 levels left

rFire   . . .        (no weapon)
rCold   . . .        (no shield)
rNeg    . . .        a - +0 robe
rPois   .            (no helmet)
rElec   .            (no cloak)
rCorr   .            (no gloves)
SInv    .            (no boots)
Will    .....        (no amulet)
Stlth   ++           (no ring)
HPRegen 0.22/turn    (no ring)
MPRegen 0.08/turn

%: no passive effects
@: very slightly contaminated
A: no striking features
a: no special abilities


You were on level 1 of the Dungeon.
You visited 1 branch of the dungeon, and saw 1 of its levels.

Inventory:

Armour
 a - a +0 robe (worn)


   Skills:
 - Level 1.5 Dodging
 - Level 1.5 Stealth
 - Level 1.5 Spellcasting
 + Level 4.1 Necromancy


You had 2 spell levels left.
You knew the following spells:

 Your Spells              Type           Power      Damage    Failure   Level
a - Necrotise             Necr           52%        1d6       4%          1

Your spell library contained the following spells:

 Spells                   Type           Power      Damage    Failure   Level
 Vampiric Draining        Necr           13%        2d6       13%         3
 Animate Dead             Necr           13%        N/A       38%         4
 Agony                    Necr           13%        N/A       75%         5


Dungeon Overview and Level Annotations

Branches:
Dungeon (1/15)

Altars:


Message History

There is a large open door here.
Found a scroll labelled WUGGIKHL ZOST.
The giant cockroach writhes in agony.
The giant cockroach writhes in agony.
You kill the giant cockroach!
Magic restored.
A kobold, a hobgoblin, a quokka and a ball python come into view.
Found 9 gold pieces.
You can't see any susceptible monsters within range! (Use Z to cast anyway.)
The hobgoblin shouts!
You hear a bark!
The ball python hisses angrily.
You hear a bark!
The hobgoblin writhes in agony.
The hobgoblin writhes in agony.
You kill the hobgoblin!
The dead are walking!
The quokka twitches its whiskers.
You miscast Necrotise.
You are very lightly contaminated with residual magic.
Nothing appears to happen.
A giant cockroach comes into view.
Magic courses through your body.
A jackal comes into view.
A kobold comes into view. It is wielding a +0 short sword.
The quokka barely resists.
The ball python bites you. The ball python grabs you.
The ball python constricts you.
Your hobgoblin skeleton closely misses the quokka.
The quokka bites you.
You are too injured to fight recklessly!
You escape the ball python's grasp.
The ball python attacks as you move away!
The ball python bites you. The quokka bites you.
* * * LOW HITPOINT WARNING * * *
Your hobgoblin skeleton hits the quokka but does no damage.
You are too injured to fight recklessly!
Aiming: Necrotise (safe; 4% risk of failure)
Press: ? - help, Q - select action Shift-Dir - straight line, f/p - quokka
Aim: a quokka (ally target, chance to affect: 83%)
The quokka writhes in agony.
The quokka closely misses you. The ball python bites you.
You die...

..........
#h........
..........
##.h.......
.....B....
..Z......
###########r..†.K..
#........#@SK......
#...##...'.#.......
#........'.#...?...
#........#.#.......
#<.......#.........
#...(....#.##......
#........+.# #.>..$
#...##...+.# #####
#........#.#


You could see a quokka (ally target), a jackal, a giant cockroach, a ball
python, 2 kobolds and a friendly hobgoblin skeleton.

Vanquished Creatures
  A giant cockroach (D:1)
  A hobgoblin (D:1)
2 creatures vanquished.

Notes
Turn   | Place    | Note
-------+----------+-------------------------------------------
     0 | D:1      | cheesebisquit the Hill Orc Necromancer began the quest for
                  | the Orb.
     0 | D:1      | Reached XP level 1. HP: 14/14 MP: 3/3
    44 | D:1      | Slain by a ball python

Illustrated notes

Levels and vault maps discovered:
D:1:      lemuel_arrival_behind_the_door_large, layout_rooms, minmay_tripent

Action                     || total
---------------------------++-------
   Cast: Necrotise         ||     6
    Use: Potion            ||     1
  Dodge: Dodged            ||     1

Table legend: (Time is in decaauts)
 A = Elapsed time spent in this place.
 B = Non-inter-level travel time spent in this place.
 C = Inter-level travel time spent in this place.
 D = Time resting spent in this place.
 E = Time spent auto-exploring this place.
 F = Levels seen in this place.
 G = Mean time per level.
                   A        B        C        D        E       F      G
               +--------+--------+--------+--------+--------+-----+--------+
         Total |     44 |     44 |      0 |      0 |     31 |   1 |   44.0 |
       Dungeon |     44 |     44 |      0 |      0 |     31 |   1 |   44.0 |
               +--------+--------+--------+--------+--------+-----+--------+

Top non-repeatable levels by time:
     D:1: 44 daAuts
